 Dungeon Sprint DCSS version 0.25.1-8-g42b30a86e7 (webtiles) character file.

Game seed: 18130249058739398881

93 gruber the Cleaver (level 4, -7/40 HPs)
             Began as a Deep Dwarf Fighter on Dec 15, 2020.
             Splashed by a jelly's acid (8 damage)
             ... in the Dungeon (Sprint IX: "|||||||||||||||||||||||||||||").
             The game lasted 00:00:14 (46 turns).

gruber the Cleaver (Deep Dwarf Fighter)               Turns: 46, Time: 00:00:15

Health: -7/40      AC: -1    Str: 20    XL:     4   Next: 36%
Magic:  4/4        EV:  7    Int:  9    God:
Gold:   0          SH:  9    Dex: 12    Spells: 3/3 levels left

rFire    . . .     SeeInvis .   a - +0 war axe
rCold    . . .     Gourm    .   c - +0 kite shield
rNeg     . . .     Faith    .   b - +0 scale mail
rPois    .         Spirit   .   (no helmet)
rElec    .         Reflect  .   (no cloak)
rCorr    .         Harm     .   (no gloves)
MR       .....     NoTele   +   (no boots)
Stlth    ..........             (no amulet)
HPRegen  0.00/turn              (no ring)
MPRegen  0.09/turn              (no ring)

@: corroded, non-regenerating
A: damage resistance, heal wounds, sense surroundings 1, no regeneration
a: Heal Wounds


You were in the Dungeon.
You were not hungry.

You visited 1 branch

Inventory:

Hand Weapons
 a - a +0 war axe (weapon)
Armour
 b - a +0 scale mail (worn)
 c - a +0 kite shield (worn)
Scrolls
 k - a scroll of blinking
Potions
 d - a potion of might
 e - a potion of curing
 g - a potion of heal wounds
 h - a potion of haste
 i - 2 potions of magic
 j - a potion of berserk rage
Comestibles
 f - a ration
 l - 6 chunks of flesh


   Skills:
 - Level 2.6 Fighting
 + Level 9.7 Axes
 - Level 3.2 Armour
 - Level 3.2 Shields


You had 3 spell levels left.
You didn't know any spells.
Your spell library was empty.

Dungeon Overview and Level Annotations

Branches:
Dungeon (1/1)

Altars:


Innate Abilities, Weirdness & Mutations

You are resistant to damage.
You can heal yourself by infusing magical energy.
You passively map a small area around you.
You do not regenerate.


Message History

You kill the centaur!
Your Axes skill gained 4 levels and is now at level 9!
You have reached level 3!
Your experience leads to an increase in your attributes!
Increase (S)trength, (I)ntelligence, or (D)exterity?
You feel stronger.
You have reached level 4!
You feel clever.
You hit the jelly. The acid corrodes you!
Your hands burn!
* * * LOW HITPOINT WARNING * * *
The jelly is moderately wounded.
The jelly hits you.
You are splashed with acid!
* * * LOW HITPOINT WARNING * * *
You hit the jelly.
Your hands burn!
* * * LOW HITPOINT WARNING * * *
The jelly is moderately wounded.
The jelly hits you.
* * * LOW HITPOINT WARNING * * *
The acid corrodes you!
You are splashed with acid!
You die...

,
,▓.▓
* *
▓.▓ *
*,▓)▓
, ▓.▓
* *
▓.▓
▓.▓ *
* ▓.▓
* ,*
▓(▓ ,
▓@▓
*,
,▓J▓
* ▓w▓
* *,*
,▓Z▓
, ▓.▓
* * *
▓.▓
▓+▓ *


You could see a worm, a jelly and a bat skeleton.

Vanquished Creatures
  A centaur (D)
  A shadow imp (D)
  2 goblins (D)
  A bat (D)
  2 frilled lizards (D)
7 creatures vanquished.

Notes
Turn   | Place    | Note
-------+----------+-------------------------------------------
     0 | D        | gruber the Deep Dwarf Fighter began the quest for the Orb.
     0 | D        | Reached XP level 1. HP: 20/20 MP: 1/1
     7 | D        | Reached skill level 3 in Axes
    12 | D        | Reached skill level 4 in Axes
    25 | D        | Noticed a centaur
    25 | D        | Noticed a jelly
    31 | D        | Reached skill level 5 in Axes
    31 | D        | Reached XP level 2. HP: 22/27 MP: 2/2
    44 | D        | Killed a centaur
    44 | D        | Reached skill level 9 in Axes
    44 | D        | Reached XP level 3. HP: 13/33 MP: 3/3
    44 | D        | Reached XP level 4. HP: 16/40 MP: 4/4
    46 | D        | HP: 1/40 [jelly (2)]
    46 | D        | Splashed by a jelly's acid

Illustrated notes

Levels and vault maps discovered:
D:        linesprint [early_d, line_temple, items_1, d_10, items_2, lair_1,
          lair_end, items_3, orc_1, orc_end, items_4, d_15, swamp_1, shoals_1,
          snake_1, spider_1, d_20, vaults_1, items_5, swamp_end, shoals_end,
          snake_end, spider_end, vaults_end, d_27, items_6, zot_1, zot_end,
          crypt_end, forest_end, elf_end, slime_end, tomb_end, abyss_end,
          pan_hell_end]

Skill      XL: |  1  2 |
---------------+-------+-----
Axes           | 5 9 |  9.7
Fighting       | |  2.6
Armour         | |  3.2
Shields        | |  3.2

Action                   |  1- 3 |  4- 6 || total
-------------------------+-------+-------++-------
Melee: War axe           |    32 |     2 ||    34
Armor: Scale mail        |    11 |       ||    11
Dodge: Dodged            |     9 |       ||     9
Block: Kite shield       |    21 |       ||    21
